| TOP OF THE 1ST |
|
University of Illinois Fighting Illini batting - Pitching for University of California Golden Bears : RHP Emmanuel Londono
|
|
Pitching: RHP Emmanuel Londono
|
|
|
Batting: RHB Nick Lombardo
|
0-0: Ball 1-0: Fly out, F8 (Line Drive, 8LM, EV 91.9 MPH)
|
|
Batting: RHB Justin Teague
|
0-0: Ground out 4-3 (Groundball, 4S, EV 91.3 MPH)
|
|
Batting: LHB George Roben
|
0-0: Ball 1-0: Ball 2-0: Called Strike 2-1: Ball 3-1: Base on Balls
|
|
Batting: SHB Matt Urbani
|
0-0: Called Strike 0-1: Ball 1-1: Ball 2-1: Swinging Strike 2-2: Ball 3-2: Strikes out swinging
|
| Top of the 1st over - 0 runs, 0 hits, 0 errors, 1 left on base; University of Illinois 0 - University of California 0 |
| BOTTOM OF THE 1ST |
|
University of California Golden Bears batting - Pitching for University of Illinois Fighting Illini : RHP Adam Householder
|
|
Pitching: RHP Adam Householder
|
|
|
Batting: RHB Timoleon Tsikouna
|
0-0: Ball 1-0: Ball 2-0: Ball 3-0: Base on Balls
|
|
Batting: RHB Ryan Roberts
|
0-0: Ball 1-0: Fielders Choice at 2nd, 5-4 (Groundball, 56, EV 103.8 MPH)
|
|
Batting: RHB Tony Harper
|
0-0: Called Strike 0-1: Ball 1-1: SINGLE (Line Drive, 89S, EV 106.3 MPH) Ryan Roberts to second
|
|
Batting: RHB Tommy Hunter
|
0-0: Ball 1-0: Swinging Strike 1-1: Foul Ball, location: 2F 1-2: Foul Ball, location: 2F 1-2: Fly out, F9 (Flyball, 9S, EV 87.5 MPH)
|
|
Batting: RHB Mike Gangi
|
0-0: Foul Ball, location: 2F 0-1: Called Strike 0-2: Ball 1-2: Strikes out swinging
|
| Bottom of the 1st over - 0 runs, 1 hit, 0 errors, 2 left on base; University of Illinois 0 - University of California 0 |
| TOP OF THE 2ND |
|
University of Illinois Fighting Illini batting - Pitching for University of California Golden Bears : RHP Emmanuel Londono
|
|
Batting: SHB Ryan Buchbinder
|
0-0: Called Strike 0-1: Called Strike 0-2: Strikes out swinging
|
|
Batting: RHB Vinny Torres
|
0-0: Ball 1-0: Ball 2-0: Called Strike 2-1: Called Strike 2-2: Foul Ball, location: 5F, Error on foul ball, E5 2-2: Foul Ball, location: 2F 2-2: Strikes out swinging
|
|
Batting: SHB Robert Soto
|
0-0: Ball 1-0: Ball 2-0: Foul Ball, location: 2F 2-1: Called Strike 2-2: Foul Ball, location: 2F 2-2: Ball 3-2: Foul Ball, location: 2F 3-2: Foul Ball, location: 2F 3-2: Fly out, F3 (Line Drive, 3, EV 70.0 MPH)
|
| Top of the 2nd over - 0 runs, 0 hits, 1 error, 0 left on base; University of Illinois 0 - University of California 0 |
| BOTTOM OF THE 2ND |
|
University of California Golden Bears batting - Pitching for University of Illinois Fighting Illini : RHP Adam Householder
|
|
Batting: SHB Javon Mitchell
|
0-0: Called Strike 0-1: Ground out 1-3 (Groundball, P, EV 76.9 MPH)
|
|
Batting: RHB Dan Myers
|
0-0: Ball 1-0: Ball 2-0: SINGLE (Groundball, 6MD, EV 101.9 MPH)
|
|
Batting: LHB Dean Luttman
|
0-0: Called Strike 0-1: Ball 1-1: Ball 2-1: Grounds into double play, 4-6-3 (Groundball, 4M, EV 83.8 MPH)
|
| Bottom of the 2nd over - 0 runs, 1 hit, 0 errors, 0 left on base; University of Illinois 0 - University of California 0 |
| TOP OF THE 3RD |
|
University of Illinois Fighting Illini batting - Pitching for University of California Golden Bears : RHP Emmanuel Londono
|
|
Batting: RHB Raul Franco
|
0-0: Ground out 5-3 (Groundball, 56S, EV 84.4 MPH)
|
|
Batting: RHB Yankel Pensak
|
0-0: Fly out, F7 (Flyball, 7, EV 93.8 MPH)
|
|
Batting: RHB Nick Lombardo
|
0-0: Ball 1-0: Foul Ball, location: 2F 1-1: Foul Ball, location: 2F 1-2: SINGLE (Flyball, 9LS, EV 89.4 MPH)
|
|
Batting: RHB Justin Teague
|
0-0: Ball 1-0: Swinging Strike Nick Lombardo is caught stealing 2nd base 2-4
|
| Top of the 3rd over - 0 runs, 1 hit, 0 errors, 0 left on base; University of Illinois 0 - University of California 0 |
| BOTTOM OF THE 3RD |
|
University of California Golden Bears batting - Pitching for University of Illinois Fighting Illini : RHP Adam Householder
|
|
Batting: RHB Eric Tesler
|
0-0: Ball 1-0: Ground out 4-3 (Groundball, 4, EV 91.9 MPH)
|
|
Batting: RHB Timoleon Tsikouna
|
0-0: Foul Ball, location: 2F 0-1: Foul Ball, location: 2F 0-2: Ball 1-2: Foul Ball, location: 2F 1-2: Foul Ball, location: 2F 1-2: SINGLE (Flyball, 7S, EV 87.5 MPH)
|
|
Batting: RHB Ryan Roberts
|
0-0: Ball Timoleon Tsikouna steals 2nd base 1-0: Ball 2-0: Called Strike 2-1: Ball 3-1: 2-RUN HOME RUN (Flyball, 7D, EV 96.3 MPH), Distance : 362 ft
|
|
Batting: RHB Tony Harper
|
0-0: Foul Ball, location: 2F 0-1: Ground out 4-3 (Groundball, 34, EV 99.4 MPH)
|
|
Batting: RHB Tommy Hunter
|
0-0: Foul Ball, location: 2F 0-1: Ground out 5-3 (Groundball, 56S, EV 68.8 MPH)
|
| Bottom of the 3rd over - 2 runs, 2 hits, 0 errors, 0 left on base; University of Illinois 0 - University of California 2 |
| TOP OF THE 4TH |
|
University of Illinois Fighting Illini batting - Pitching for University of California Golden Bears : RHP Emmanuel Londono
|
|
Batting: RHB Justin Teague
|
0-0: Foul Ball, location: 2F 0-1: Ball 1-1: Ball 2-1: Foul Ball, location: 2F 2-2: SINGLE (Line Drive, 78S, EV 91.9 MPH)
|
|
Batting: LHB George Roben
|
0-0: Called Strike 0-1: TRIPLE (Flyball, 7LM, EV 111.9 MPH) Justin Teague scores
|
|
Batting: SHB Matt Urbani
|
0-0: Called Strike 0-1: Ball 1-1: Ball 2-1: Swinging Strike 2-2: Ball 3-2: Fly out, F7 (Flyball, 78S, EV 90.0 MPH)
|
|
Batting: SHB Ryan Buchbinder
|
0-0: Called Strike 0-1: Ground out 5-3 (Groundball, 5, EV 97.5 MPH)
|
|
Batting: RHB Vinny Torres
|
0-0: SINGLE (Flyball, 8RS, EV 91.9 MPH) George Roben scores
|
|
Batting: SHB Robert Soto
|
0-0: Ball 1-0: Ball 2-0: Called Strike 2-1: Foul Ball, location: 2F 2-2: Ball Vinny Torres is caught stealing 2nd base 2-6
|
| Top of the 4th over - 2 runs, 3 hits, 0 errors, 0 left on base; University of Illinois 2 - University of California 2 |
| BOTTOM OF THE 4TH |
|
University of California Golden Bears batting - Pitching for University of Illinois Fighting Illini : RHP Adam Householder
|
|
Batting: RHB Mike Gangi
|
0-0: Ball 1-0: Ball 2-0: Called Strike 2-1: Ball 3-1: Base on Balls
|
|
Batting: SHB Javon Mitchell
|
0-0: Ball 1-0: Called Strike 1-1: Foul Ball, location: 2F 1-2: Ball 2-2: Strikes out swinging
|
|
Batting: RHB Dan Myers
|
0-0: Ball 1-0: Swinging Strike 1-1: Ball 2-1: SINGLE (Line Drive, 4MD, EV 103.1 MPH) Mike Gangi to second Runner from 2nd tries for 3rd, SAFE, throw by CF made to third
|
|
Batting: LHB Dean Luttman
|
0-0: SINGLE (Line Drive, 3D, EV 98.1 MPH) Mike Gangi scores Dan Myers to second
|
|
Batting: RHB Eric Tesler
|
0-0: Ball 1-0: Ball 2-0: Called Strike 2-1: Ball 3-1: Base on Balls Dan Myers to third Dean Luttman to second
|
|
Batting: RHB Timoleon Tsikouna
|
0-0: Foul Ball, location: 2F 0-1: Ball 1-1: Grounds into double play, 3-6-1 (Groundball, 34, EV 99.4 MPH)
|
| Bottom of the 4th over - 1 run, 2 hits, 0 errors, 2 left on base; University of Illinois 2 - University of California 3 |
| TOP OF THE 5TH |
|
University of Illinois Fighting Illini batting - Pitching for University of California Golden Bears : RHP Emmanuel Londono
|
|
Batting: SHB Robert Soto
|
0-0: Ball 1-0: Ball 2-0: Ball 3-0: Base on Balls
|
|
Batting: RHB Raul Franco
|
0-0: Ball 1-0: Called Strike 1-1: Fly out, F9 (Flyball, 9D, EV 90.0 MPH)
|
|
Batting: RHB Yankel Pensak
|
0-0: Ball 1-0: Ball 2-0: Called Strike 2-1: Reached on error, E9 (Flyball, 8RM, EV 75.0 MPH) Robert Soto to second
|
|
Batting: RHB Nick Lombardo
|
0-0: Called Strike 0-1: Ball 1-1: Swinging Strike 1-2: SINGLE (Line Drive, 5D, EV 97.5 MPH) Robert Soto to third Yankel Pensak to second Runner from 3rd tries for Home, SAFE, throw by LF to home
|
|
Pitching: RHP Miguel Montelongo
|
|
|
Batting: RHB Justin Teague
|
0-0: Called Strike 0-1: Ball 1-1: Foul Ball, location: 2F 1-2: Ball 2-2: Ball 3-2: Foul Ball, location: 2F 3-2: Foul Ball, location: 2F 3-2: Foul Ball, location: 2F 3-2: Grounds into double play, 6-4-3 (Groundball, 56, EV 102.5 MPH)
|
| Top of the 5th over - 1 run, 1 hit, 1 error, 1 left on base; University of Illinois 3 - University of California 3 |
| BOTTOM OF THE 5TH |
|
University of California Golden Bears batting - Pitching for University of Illinois Fighting Illini : RHP Adam Householder
|
|
Batting: RHB Ryan Roberts
|
0-0: Fly out, F8 (Flyball, 89D, EV 88.8 MPH)
|
|
Batting: RHB Tony Harper
|
0-0: Ground out 4-3 (Groundball, 34, EV 99.4 MPH)
|
|
Batting: RHB Tommy Hunter
|
0-0: Called Strike 0-1: Swinging Strike 0-2: Ball 1-2: Strikes out swinging
|
| Bottom of the 5th over - 0 runs, 0 hits, 0 errors, 0 left on base; University of Illinois 3 - University of California 3 |
| TOP OF THE 6TH |
|
University of Illinois Fighting Illini batting - Pitching for University of California Golden Bears : RHP Miguel Montelongo
|
|
Batting: LHB George Roben
|
0-0: Ball 1-0: Swinging Strike 1-1: Called Strike 1-2: Ball 2-2: Ball 3-2: Foul Ball, location: 2F 3-2: Ground out U3 (Groundball, 3, EV 92.5 MPH)
|
|
Batting: SHB Matt Urbani
|
0-0: Called Strike 0-1: Foul Ball, location: 2F 0-2: Ball 1-2: Ball 2-2: Foul Ball, location: 2F 2-2: Strikes out looking
|
|
Batting: SHB Ryan Buchbinder
|
0-0: Ball 1-0: Foul Ball, location: 2F 1-1: Foul Ball, location: 2F 1-2: Foul Ball, location: 2F 1-2: Ground out 4-3 (Groundball, 4, EV 81.9 MPH)
|
| Top of the 6th over - 0 runs, 0 hits, 0 errors, 0 left on base; University of Illinois 3 - University of California 3 |
| BOTTOM OF THE 6TH |
|
University of California Golden Bears batting - Pitching for University of Illinois Fighting Illini : RHP Adam Householder
|
|
Pitching: LHP Richard Davies
|
|
|
Batting: RHB Mike Gangi
|
0-0: Ball 1-0: Ball 2-0: Called Strike 2-1: Foul Ball, location: 2F 2-2: Ball 3-2: Base on Balls
|
|
Batting: SHB Javon Mitchell
|
0-0: Called Strike 0-1: Ball 1-1: Reached on error, E4 (Groundball, 4, EV 105.0 MPH) Mike Gangi to second
|
|
Batting: RHB Dan Myers
|
0-0: Ball 1-0: Ball 2-0: Called Strike 2-1: Ball 3-1: Base on Balls Mike Gangi to third Javon Mitchell to second
|
|
Batting: LHB Dean Luttman
|
0-0: Called Strike 0-1: Ball 1-1: Ball 2-1: Called Strike 2-2: Grounds into fielders choice 4-2 (Groundball, 4, EV 108.1 MPH) Javon Mitchell to third Dan Myers to second
|
|
Pinch Hitting: RHB Devon Dill
|
0-0: Foul Ball, location: 2F 0-1: Grounds into fielders choice 6-2 (Groundball, 6, EV 79.4 MPH) Dan Myers to third Dean Luttman to second
|
|
Batting: RHB Timoleon Tsikouna
|
0-0: Ball 1-0: Foul Ball, location: 2F 1-1: Ball 2-1: Foul Ball, location: 2F 2-2: Ball 3-2: Foul Ball, location: 2F 3-2: Ground out 6-3 (Groundball, 6, EV 86.3 MPH)
|
| Bottom of the 6th over - 0 runs, 0 hits, 1 error, 3 left on base; University of Illinois 3 - University of California 3 |
| TOP OF THE 7TH |
|
University of Illinois Fighting Illini batting - Pitching for University of California Golden Bears : RHP Miguel Montelongo
|
|
Pitching: RHP Manny Mendoza
|
|
|
Now at 2B: Devon Dill
|
|
|
Batting: RHB Vinny Torres
|
0-0: Called Strike 0-1: Ball 1-1: Foul Ball, location: 2F 1-2: Ball 2-2: Ball 3-2: Base on Balls
|
|
Batting: SHB Robert Soto
|
0-0: Bunted foul 0-1: Sac Bunt to 13 - play at first, batter OUT! 1-4 Vinny Torres to second
|
|
Pinch Hitting: RHB Jose Tovar
|
0-0: Intentional Walk
|
|
Batting: RHB Yankel Pensak
|
0-0: Ball 1-0: SINGLE (Line Drive, 78M, EV 103.8 MPH) Vinny Torres to third Jose Tovar to second Runner from 3rd tries for Home, SAFE, throw by CF to home
|
|
Batting: RHB Nick Lombardo
|
0-0: Ball 1-0: Called Strike 1-1: Foul Ball, location: 2F 1-2: Foul Ball, location: 2F 1-2: Fly out, F2 (Popup, 2LF, EV 91.9 MPH)
|
|
Batting: RHB Justin Teague
|
0-0: Ball 1-0: Ball 2-0: Called Strike 2-1: Fly out, F4 (Popup, 4, EV 71.9 MPH)
|
| Top of the 7th over - 1 run, 1 hit, 0 errors, 2 left on base; University of Illinois 4 - University of California 3 |
| BOTTOM OF THE 7TH |
|
University of California Golden Bears batting - Pitching for University of Illinois Fighting Illini : LHP Richard Davies
|
|
Pitching: RHP Kyle Storey
|
|
|
Now at SS: Tim Jobe
|
|
|
Batting: RHB Ryan Roberts
|
0-0: SINGLE (Groundball, 56, EV 103.8 MPH)
|
|
Batting: RHB Tony Harper
|
0-0: Called Strike 0-1: Fly out, F3 (Popup, 23F, EV 91.3 MPH)
|
|
Batting: RHB Tommy Hunter
|
0-0: Called Strike 0-1: Grounds into double play, 5-4-3 (Groundball, 56, EV 97.5 MPH)
|
| Bottom of the 7th over - 0 runs, 1 hit, 0 errors, 0 left on base; University of Illinois 4 - University of California 3 |
| TOP OF THE 8TH |
|
University of Illinois Fighting Illini batting - Pitching for University of California Golden Bears : RHP Manny Mendoza
|
|
Pitching: RHP Nick Hodge
|
|
|
Batting: LHB George Roben
|
0-0: Ball 1-0: Ball 2-0: Swinging Strike 2-1: Foul Ball, location: 2F 2-2: Strikes out swinging
|
|
Batting: SHB Matt Urbani
|
0-0: Ball 1-0: Foul Ball, location: 2F 1-1: Reached on error, E3 (Groundball, 3, EV 104.4 MPH)
|
|
Batting: SHB Ryan Buchbinder
|
0-0: Called Strike 0-1: Foul Ball, location: 2F 0-2: Strikes out swinging
|
|
Batting: RHB Vinny Torres
|
0-0: Called Strike 0-1: Ball 1-1: Called Strike 1-2: Ball 2-2: Strikes out swinging
|
| Top of the 8th over - 0 runs, 0 hits, 1 error, 1 left on base; University of Illinois 4 - University of California 3 |
| BOTTOM OF THE 8TH |
|
University of California Golden Bears batting - Pitching for University of Illinois Fighting Illini : RHP Kyle Storey
|
|
Batting: RHB Mike Gangi
|
0-0: Ball 1-0: Swinging Strike 1-1: Foul Ball, location: 2F 1-2: Strikes out swinging
|
|
Batting: SHB Javon Mitchell
|
0-0: Ball 1-0: Ball 2-0: Ball 3-0: Base on Balls
|
|
Batting: RHB Dan Myers
|
0-0: Called Strike 0-1: Called Strike 0-2: Ball 1-2: Strikes out swinging
|
|
Batting: LHB Dean Luttman
|
0-0: Ball 1-0: Fly out, F7 (Flyball, 7LM, EV 100.0 MPH)
|
| Bottom of the 8th over - 0 runs, 0 hits, 0 errors, 1 left on base; University of Illinois 4 - University of California 3 |
| TOP OF THE 9TH |
|
University of Illinois Fighting Illini batting - Pitching for University of California Golden Bears : RHP Nick Hodge
|
|
Pitching: RHP Luis Astudillo
|
|
|
Batting: SHB Robert Soto
|
0-0: Ball 1-0: Called Strike 1-1: Ball 2-1: Foul Ball, location: 2F 2-2: Ball 3-2: Ground out 6-3 (Groundball, 6, EV 107.5 MPH)
|
|
Batting: RHB Tim Jobe
|
0-0: Foul Ball, location: 2F 0-1: Ball 1-1: Ball 2-1: Foul Ball, location: 2F 2-2: Fly out, F5 (Flyball, 5D, EV 83.8 MPH)
|
|
Batting: RHB Yankel Pensak
|
0-0: Foul Ball, location: 2F 0-1: Ball 1-1: Called Strike 1-2: Fly out, F8 (Flyball, 8RD, EV 98.8 MPH)
|
| Top of the 9th over - 0 runs, 0 hits, 0 errors, 0 left on base; University of Illinois 4 - University of California 3 |
| BOTTOM OF THE 9TH |
|
University of California Golden Bears batting - Pitching for University of Illinois Fighting Illini : RHP Kyle Storey
|
|
Batting: RHB Devon Dill
|
0-0: Ball 1-0: Fly out, F6 (Popup, P, EV 80.0 MPH)
|
|
Batting: RHB Timoleon Tsikouna
|
0-0: Ball 1-0: Called Strike 1-1: Ball 2-1: Foul Ball, location: 2F 2-2: SINGLE (Groundball, 6, EV 95.0 MPH)
|
|
Batting: RHB Ryan Roberts
|
0-0: Called Strike 0-1: Swinging Strike 0-2: Ball 1-2: Grounds into double play, 4-6-3 (Groundball, 34, EV 82.5 MPH)
|
| Bottom of the 9th over - 0 runs, 1 hit, 0 errors, 0 left on base; University of Illinois 4 - University of California 3 |
|